 Dungeon Crawl Stone Soup version 0.17-a0-2171-ga91b4ec (webtiles) character file.

1910 ketsa the Geomancer (level 8, -13/64 HPs)
             Began as a Deep Dwarf Earth Elementalist on Oct 25, 2015.
             Mangled by an orc warrior
             ... wielding a +0 dire flail
              (17 damage)
             ... on level 6 of the Dungeon.
             The game lasted 00:44:51 (12986 turns).

ketsa the Geomancer (DDEE)                         Turns: 12986, Time: 00:44:51

Health: -13/64     AC:  6    Str: 16    XL:     8   Next: 94%
Magic:  16/24      EV: 12    Int: 19    God:
Gold:   244        SH:  0    Dex: 13    Spells: 3 memorised, 10 levels left

rFire  . . .     SeeInvis .     L - +2 hand axe (drain)
rCold  . . .     Clarity  .     P - -1 leather armour (curse)
rNeg   . . .     SustAt   .     (no shield)
rPois  .         Gourm    .     x - +0 helmet
rElec  .         Spirit   .     n - +0 cloak
rCorr  .         Warding  .     (no gloves)
rMut   .         Stasis   .     O - +0 pair of boots
MR     +....                    (no amulet)
Stlth  ++........               w - ring of magical power
                                y - +5 ring of strength

@: very slightly contaminated, non-regenerating, somewhat resistant to hostile
enchantments, unstealthy
A: damage resistance, recharge devices, sense surroundings 1, slow regeneration
3
a: Device Recharging


You were on level 6 of the Dungeon.
You were hungry.

You visited 1 branch of the dungeon, and saw 6 of its levels.

You collected 244 gold pieces.

Inventory:

Hand Weapons
 g - a +1 dagger of electrocution
 h - a +0 club
 j - a +0 short sword
 p - a +0 falchion of holy wrath
 q - a +4 blowgun
 u - a +0 short sword
 G - a +4 dagger
 I - a +0 whip of freezing
 J - a cursed -2 dagger
 L - a +2 hand axe of draining (weapon)
 M - a +0 war axe
Missiles
 a - 114 stones (quivered)
Armour
 m - a +1 chain mail of fire resistance
 n - a +0 cloak (worn)
 x - a +0 helmet (worn)
 K - a +0 robe
 O - a +0 pair of boots (worn)
 P - a cursed -1 leather armour (worn)
Jewellery
 k - an uncursed amulet of guardian spirit
 l - an uncursed ring of sustain attributes
 w - a ring of magical power (right hand)
 y - a +5 ring of strength (left hand)
 B - a cursed -3 ring of evasion {unknown}
Wands
 d - a wand of heal wounds (1)
 r - a wand of digging (13)
 D - a wand of flame (23)
 T - a wand of flame (27)
Scrolls
 e - 10 scrolls of identify
 o - 2 scrolls of amnesia
 E - a scroll of teleportation
 N - a scroll of enchant armour {unknown}
 R - 3 scrolls of remove curse
Potions
 b - 2 potions of heal wounds
 i - a potion of haste {unknown}
 z - a potion of curing {unknown}
 C - a potion of flight {unknown}
 F - 2 potions of lignification {unknown}
 H - a potion of poison {unknown}
 U - a potion of brilliance {unknown}
 V - a potion of agility {unknown}
 W - a potion of might {unknown}
Books
 c - a book of Geomancy

   Spells                             Type                      Level
   a - Sandblast                      Earth                        1
   b - Stoneskin                      Transmutation/Earth          2
   c - Passwall                       Transmutation/Earth          3
   d - Stone Arrow                    Conjuration/Earth            3
   e - Petrify                        Transmutation/Earth          4
   f - Lee's Rapid Deconstruction     Earth                        5
 S - a book of Clouds

   Spells                             Type                      Level
   a - Mephitic Cloud                 Conjuration/Poison/Air       3
   b - Conjure Flame                  Conjuration/Fire             3
   c - Poisonous Cloud                Conjuration/Poison/Air       6
   d - Freezing Cloud                 Conjuration/Ice/Air          6
   e - Ring of Flames                 Charms/Fire                  7
Comestibles
 f - a royal jelly
 s - 3 meat rations
 t - a beef jerky
 A - 2 bread rations
 Q - 3 fruits


   Skills:
 + Level 1.0 Fighting
 + Level 5.1 Armour
 - Level 2.1 Dodging
 - Level 2.4 Stealth
 + Level 4.8 Spellcasting
 - Level 4.1 Conjurations
 - Level 4.0 Transmutations
 + Level 8.9 Earth Magic


You had 10 spell levels left.
You knew the following spells:

 Your Spells              Type           Power        Failure   Level  Hunger
a - Sandblast             Erth           #####.       1%          1    None
b - Stoneskin             Trmt/Erth      ####....     1%          2    #......
c - Stone Arrow           Conj/Erth      ####..       3%          3    ##.....


Dungeon Overview and Level Annotations

Branches:
Dungeon (6/15)
 Temple: D:4-7

Altars:
Fedhas
The Shining One

Annotations:
D:3 exclusion: 2 downstairs


Innate Abilities, Weirdness & Mutations

You are resistant to damage.
You can recharge devices by infusing magical energy.
You passively map a small area around you.
You do not regenerate naturally.


Message History

Press: ? - help, Shift-Dir - straight line, f/p - orc warrior
Aim: an orc warrior, wielding a dire flail and wearing a chain mail (moderately wounded)
You miscast Stone Arrow.
You are very lightly contaminated with residual magic.
Strange energies run through your body.
The giant frog croaks.
The orc misses you.
The orc warrior hits you with a dire flail!!
* * * LOW HITPOINT WARNING * * *
The giant frog hits you!
* * * LOW HITPOINT WARNING * * *
The giant frog closely misses you.
Read which item? (? for menu, Esc to quit)
As you read the scroll of fear, it crumbles to dust.
You assume a fearsome visage.
The giant frog looks frightened!
You hit the orc. You drain the orc!
The orc is heavily wounded.
The orc closely misses you. x2
The orc warrior hits you with a dire flail!!
You die...

# ..* #.#
#.#.##########.# *
** #.#.#.....o....#
* ,
#.........###..#
###.#.###.# #..# ,
* #.###.#.# #.#
#.># , #.......#
#.# #..#
#####...###o###oo#
#.#.....@o#..####.
#........o.o...$...
###.#.............#
#F........####### *
###.....### #######


You could see an orc warrior, a giant frog (fleeing) and 3 orcs.

Vanquished Creatures
  Pikel (D:4)
  Eustachio (D:4)
  A hippogriff (D:6)
  A sky beast (D:5)
  An orc warrior (D:6)
  A slave (D:3)
  2 ogres
  A centaur (D:5)
  A crimson imp (D:5)
  An iguana (D:4)
  2 orc priests (D:6)
  A giant frog skeleton (D:5)
  An iron imp (D:6)
  A centaur skeleton (D:6)
  Jessica (D:3)
  A hound (D:5)
  2 worker ants
  4 orc wizards (D:5)
  Robin (D:4)
  A worker ant zombie (D:6)
  11 adders
  A river rat (D:4)
  3 oozes
  An adder skeleton (D:6)
  3 worms
  5 giant geckos
  24 orcs
  8 bats
  9 giant cockroaches
  22 goblins
  9 hobgoblins
  8 jackals (D:2)
  16 kobolds
  6 quokkas
  6 ball pythons
  4 giant newts
  A goblin skeleton (D:6)
  2 hobgoblin zombies (D:6)
  2 kobold skeletons (D:6)
  A kobold zombie (D:6)
  2 orc skeletons (D:6)
  2 orc zombies (D:6)
  10 rats
182 creatures vanquished.

Vanquished Creatures (others)
  A slave (D:4)
  A giant gecko (D:4)
  2 rats (D:4)
4 creatures vanquished.

Grand Total: 186 creatures vanquished

Notes
Turn   | Place    | Note
--------------------------------------------------------------
     0 | D:1      | ketsa the Deep Dwarf Earth Elementalist began the quest for the Orb.
     0 | D:1      | Reached XP level 1. HP: 15/15 MP: 3/3
   203 | D:1      | Reached XP level 2. HP: 22/22 MP: 2/4
   239 | D:1      | Learned a level 2 spell: Stoneskin
   876 | D:1      | Reached skill level 5 in Earth Magic
  1124 | D:2      | Reached XP level 3. HP: 26/28 MP: 2/6
  1178 | D:2      | Learned a level 3 spell: Stone Arrow
  4140 | D:2      | Reached skill level 1 in Transmutations
  4514 | D:2      | Reached XP level 4. HP: 27/36 MP: 4/7
  4923 | D:2      | Reached skill level 1 in Armour
  6323 | D:2      | Reached skill level 6 in Earth Magic
  6479 | D:2      | Reached XP level 5. HP: 22/42 MP: 6/9
  6613 | D:3      | Noticed Jessica
  6615 | D:3      | Killed Jessica
  7215 | D:3      | Found a blossoming altar of Fedhas.
  7604 | D:3      | Reached skill level 1 in Conjurations
  7670 | D:3      | You fall through a shaft!
  7758 | D:5      | Entered Level 5 of the Dungeon
  7765 | D:4      | Noticed Robin
  7768 | D:4      | Killed Robin
  8757 | D:4      | Noticed a slave
  8758 | D:4      | Noticed a slave
  8759 | D:4      | Noticed a slave
  8762 | D:4      | Noticed a slave
  9113 | D:3      | Reached XP level 6. HP: 47/49 MP: 10/10
  9648 | D:3      | Killed a slave
 10013 | D:4      | Noticed Eustachio
 10058 | D:4      | Killed Eustachio
 10218 | D:4      | Noticed an ogre
 10345 | D:4      | Killed an ogre
 10375 | D:4      | Noticed Pikel
 10417 | D:4      | Killed Pikel
 10417 | D:4      | Reached skill level 7 in Earth Magic
 10417 | D:4      | Reached XP level 7. HP: 41/55 MP: 1/12
 10519 | D:4      | Killed a freed slave
 10832 | D:4      | Reached XP level 8. HP: 46/62 MP: 13/13
 11747 | D:5      | Reached skill level 8 in Earth Magic
 11938 | D:5      | Noticed a sky beast
 11946 | D:5      | Killed a sky beast
 12233 | D:5      | Noticed an ogre
 12240 | D:5      | Killed an ogre
 12515 | D:6      | Found a glowing golden altar of the Shining One.
 12532 | D:6      | Reached skill level 5 in Armour
 12602 | D:6      | Reached skill level 1 in Fighting
 12986 | D:6      | Mangled by an orc warrior

Vault maps used:
D:1:      matt_arrival_grand_opening
D:2:      minmay_door_path, serial_forest, infiniplex_forest_corner_1,
          infiniplex_forest_lined_3_way, infiniplex_forest_clump_medium,
          infiniplex_forest_lined_room_2, infiniplex_forest_lined_corner
D:3:      minmay_misc_feat_four_crosses, fedhas_altar_3, uniq_jessica
D:4:      first_bread, portal_sewer_entry_c, kennysheep_path_1, uniq_pikel,
          uniq_eustachio, uniq_robin
D:6:      nicolae_tso_besieged_by_evil, gammafunk_temple_overflow_forgotten,
          uniq_crazy_yiuf_cottage

Action                   |  1- 3 |  4- 6 |  7- 9 || total
-------------------------+-------+-------+-------++-------
Melee: Short sword       |    10 |    13 |       ||    23
       Hand axe          |       |    20 |    69 ||    89
       Dagger            |       |     2 |       ||     2
 Cast: Sandblast         |    87 |   138 |    86 ||   311
       Stone Arrow       |     5 |    13 |    16 ||    34
       Stoneskin         |     1 |     1 |       ||     2
Evoke: Wand              |       |     3 |     2 ||     5
  Use: Scroll            |       |     9 |     2 ||    11
       Potion            |       |       |     1 ||     1
 Stab: Sleeping          |     1 |     1 |       ||     2
  Eat: Chunk             |     8 |    17 |     6 ||    31
       Bread ration      |     1 |       |       ||     1
       Fruit             |       |     4 |       ||     4
       Royal jelly       |       |       |     1 ||     1
